 Dungeon Crawl Stone Soup version 0.15-a0-183-gc0cdb55 (webtiles) character file.

291 PolkaDot the Vexing (level 5, 0/35 HPs)
             Began as a Vampire Enchanter on Apr 20, 2014.
             Slain by a green rat (8 damage)
             ... in a sewer.
             The game lasted 00:09:30 (2261 turns).

PolkaDot the Vexing (Vampire Enchanter)             Turns: 2261, Time: 00:09:30

HP   0/35        AC  4     Str  2 (4)  XL: 5   Next: 71%
MP   1/9         EV 11     Int 17      God:
Gold 63          SH  9     Dex 15      Spells:  4 memorised,  0 levels left

rFire  . . .     SeeInvis +     a - +1 dagger
rCold  + + .     Clarity  .     b - +1 robe
rNeg   + + +     Conserve .     f - +2 buckler
rPois  +         rCorr    .     (no helmet)
rElec  .         rRot     +     k - +0 cloak
SustAb . .       Spirit   .     (no gloves)
rMut   .         Warding  .     (no boots)
Saprov . . .     Stasis   .     (no amulet)
MR     .....                    l - cursed -3 ring of strength
                                i - cursed ring of hunger

@: non-regenerating, not resistant to hostile enchantments, quite stealthy
A: fangs 3, see invisible, unbreathing
a: Bat Form


You were in a sewer.
You were bloodless.

You visited 1 branch of the dungeon, and saw 3 of its levels.
You also visited: Sewer.

You collected 63 gold pieces.

Inventory:

Hand weapons
 a - a +1,+1 dagger (weapon)
Missiles
 d - 12 darts (quivered)
Armour
 b - a +1 robe (worn)
 f - a +2 buckler (worn)
 k - a +0 cloak (worn)
Scrolls
 n - a scroll of noise {unknown}
Jewellery
 i - a cursed ring of hunger (left hand)
 l - a cursed -3 ring of strength (right hand)
Books
 c - a book of Maledictions

   Spells                             Type                      Level
   *Corona                            Hexes                        1
   *Sure Blade                        Hexes/Charms                 2
   *Ensorcelled Hibernation           Hexes/Ice                    2
   *Confuse                           Hexes                        3
   Dazzling Spray                     Conjuration/Hexes            3
   Enslavement                        Hexes                        4
 g - a book of Control

   Spells                             Type                      Level
   Control Teleport                   Charms/Translocation         4
   Control Undead                     Necromancy                   4
   Enslavement                        Hexes                        4
   Metabolic Englaciation             Hexes/Ice                    5
   Mass Confusion                     Hexes                        6


   Skills:
 + Level 3.1 Short Blades
 - Level 0.7 Throwing
 - Level 2.1 Dodging
 + Level 4.9 Stealth
 - Level 2.0 Spellcasting
 * Level 7.6 Hexes


You couldn't memorise any spells.
You knew the following spells:

 Your Spells              Type           Power        Failure   Level  Hunger
a - Corona                Hex            ####...      1%          1    #......
b - Sure Blade            Hex/Chrm       ##........   10%         2    ###....
c - Confuse               Hex            ####....     3%          3    ####...
d - Ensorcelled Hibernat  Hex/Ice        ##....       10%         2    ###....


Dungeon Overview and Level Annotations

Branches:
Dungeon (3/15)

Altars:


Innate Abilities, Weirdness & Mutations

You do not heal naturally.
You have razor-sharp teeth.*
You have supernaturally acute eyesight.
You can survive without breathing.*


Message History

The green rat closely misses you.
You closely miss the green rat.
The green rat is heavily wounded.
The green rat splashes around in the water.
You closely miss the green rat.
The green rat is heavily wounded.
The green rat bites you.
* * * LOW HITPOINT WARNING * * *
Drink which item? (? for menu, Esc to quit)
There was something very wrong with that liquid!
You feel weakened.
It was a potion of degeneration.
You block the green rat's attack.
Drink which item? (? for menu, Esc to quit)
You feel slightly nauseous.
It was a potion of poison.
The green rat barely misses you.
Read which item? (? for menu, Esc to quit)
As you read the scroll labeled PIARPH NAOMUONU, it crumbles to dust.
The scroll dissolves into smoke.
It was a scroll of fog.
The green rat bites you!
You die...

#≈≈≈≈≈≈# #≈≈≈≈
#≈≈≈≈≈≈# #≈≈≈≈
#≈≈≈≈≈≈# #≈≈≈≈
#≈≈≈≈≈≈# #≈≈≈≈
#≈≈≈≈≈≈# #≈≈≈≈
#≈≈≈≈≈≈# #≈≈≈≈
#≈≈≈≈≈≈# #≈≈≈≈
#§§r≈≈≈# #≈≈≈≈
#§@§≈≈≈# #≈≈.≈
#§§§...## ##....
##§.....######.....
#........##.......
##................
##..............#
###......%...###
####....#### ######


You could see a green rat.

Vanquished Creatures
  The ghost of soonmide the Shooter, an average HEAM (D:3)
  4 adders
  A green rat (Sewer)
  3 giant mites
  A worm (D:3)
  7 giant geckos
  An ooze (Sewer)
  4 orcs (D:3)
  A ball python (Sewer)
  8 bats
  15 giant cockroaches
  3 goblins
  8 hobgoblins
  2 giant newts (D:1)
  8 kobolds
  14 rats
81 creatures vanquished.

Notes
Turn   | Place    | Note
--------------------------------------------------------------
     0 | D:1      | PolkaDot, the Vampire Enchanter, began the quest for the Orb.
     0 | D:1      | Reached XP level 1. HP: 13/13 MP: 3/3
   262 | D:1      | Reached XP level 2. HP: 19/19 MP: 4/4
   266 | D:1      | Learned a level 2 spell: Ensorcelled Hibernation
   304 | D:1      | Reached skill level 5 in Hexes
   619 | D:1      | Reached XP level 3. HP: 24/24 MP: 6/6
  1100 | D:2      | Reached skill level 6 in Hexes
  1100 | D:2      | Reached XP level 4. HP: 30/30 MP: 2/7
  1556 | D:3      | Noticed soonmide's ghost (average HEAM)
  1573 | D:3      | Killed soonmide's ghost
  1573 | D:3      | Reached skill level 7 in Hexes
  1573 | D:3      | Reached XP level 5. HP: 30/35 MP: 9/9
  1622 | D:3      | Learned a level 3 spell: Confuse
  1625 | D:3      | Learned a level 2 spell: Sure Blade
  1770 | D:3      | Found a glowing drain.
  1806 | Sewer    | Entered a sewer
  2261 | Sewer    | Slain by a green rat

Action                   |  1- 3 |  4- 6 || total
-------------------------+-------+-------++-------
Melee: Dagger            |    95 |   206 ||   301
 Cast: Ensorcelled Hiber |    10 |    22 ||    32
  Use: Scroll            |     2 |     2 ||     4
       Potion            |       |     6 ||     6
 Stab: Sleeping          |    20 |    19 ||    39
       Distracted        |       |     1 ||     1
